 Dungeon Crawl Stone Soup version 0.18.1-5-g4a78601 (webtiles) character file.

33 MDvedh the Caller (level 3, 0/19 HPs)
             Began as a Deep Elf Summoner on May 9, 2016.
             Slain by a goblin
             ... wielding a +3 dagger of electrocution
              (17 damage)
             ... on level 2 of the Dungeon.
             The game lasted 00:05:13 (2823 turns).

MDvedh the Caller (Deep Elf Summoner)               Turns: 2823, Time: 00:05:14

Health: 0/19       AC:  2    Str:  5    XL:     3   Next: 12%
Magic:  10/10      EV: 13    Int: 20    God:
Gold:   49         SH:  0    Dex: 15    Spells: 2 memorised, 6 levels left

rFire  . . .     SeeInvis .     g - +0 short sword (flame)
rCold  . . .     Gourm    .     a - +0 robe
rNeg   . . .     Faith    .     (no shield)
rPois  .         Spirit   .     (no helmet)
rElec  .         Dismiss  .     (no cloak)
rCorr  .         Reflect  .     (no gloves)
SustAt .         Harm     .     (no boots)
MR     .....                    (no amulet)
Stlth  ++........               (no ring)
                                (no ring)

@: not resistant to hostile enchantments, unstealthy
A: no striking features
a: no special abilities


You were on level 2 of the Dungeon.
You were not hungry.

You visited 1 branch of the dungeon, and saw 2 of its levels.

You collected 49 gold pieces.

Inventory:

Hand Weapons
 g - a +0 short sword of flaming (weapon)
Armour
 a - a +0 robe (worn)
Scrolls
 e - a scroll of magic mapping {unknown}
 f - 2 scrolls of noise {unknown}
 h - 2 scrolls of identify {unknown}
 k - a scroll of remove curse {unknown}
Potions
 d - a potion of haste {unknown}
 i - a potion of cure mutation {unknown}
 l - a potion of might {unknown}
Books
 b - a book of Callings

   Spells                             Type                      Level
   a - Summon Small Mammal            Summoning                    1
   b - Call Imp                       Summoning                    2
   c - Call Canine Familiar           Summoning                    3
   d - Summon Guardian Golem          Hexes/Summoning              3
   e - Summon Lightning Spire         Summoning/Air                4
   f - Summon Ice Beast               Ice/Summoning                4
Comestibles
 c - 2 bread rations
 j - a chunk of flesh


   Skills:
 - Level 2.4 Dodging
 - Level 2.4 Stealth
 + Level 4.1 Spellcasting
 + Level 5.0 Summonings


You had 6 spell levels left.
You knew the following spells:

 Your Spells              Type           Power        Failure   Level  Hunger
a - Summon Small Mammal   Summ           ###.         1%          1    None
b - Call Canine Familiar  Summ           ###.....     6%          3    ###....


Dungeon Overview and Level Annotations

Branches:
Dungeon (2/15)

Altars:
Dithmenos


Message History

The goblin barely misses you.
You closely miss the goblin. The goblin hits you but does no damage.
You hit the goblin. You burn the goblin.
The goblin is severely wounded.
The goblin barely misses you.
You barely miss the goblin.
The goblin is severely wounded.
The goblin barely misses you.
You closely miss the goblin.
The goblin is severely wounded.
The goblin closely misses you.
You completely miss the goblin.
The goblin is severely wounded.
The goblin barely misses you.
You hit the goblin but do no damage.
The goblin is severely wounded.
The goblin hits you with a dagger of electrocution.
You are electrocuted!
Ouch! That really hurt!
You die...

.......##.............#####.###.#
.#####.######....###...# #.# .#
.### #...##.##..# #.# .# .#.##
#.#.#._.#.## #.# .# ..#.##.#
#[#.......# #.# .#......#
#.##.....## <...##[.# #.###...##
....# .#####.#.######## ...##
.......?).@g......
.................###.###
#######.......#### #########


You could see a goblin.

Vanquished Creatures
  An ooze (D:1)
  A ball python (D:1)
  3 bats (D:1)
  A goblin (D:1)
  A hobgoblin (D:1)
  4 jackals
  A quokka (D:2)
  A giant newt (D:1)
  A kobold (D:1)
  2 rats
16 creatures vanquished.

Vanquished Creatures (collateral kills)
  A giant cockroach (D:1)
  6 hobgoblins
  A jackal (D:2)
  3 kobolds (D:1)
  A ball python (D:1)
  2 bats (D:1)
  4 goblins
18 creatures vanquished.

Grand Total: 34 creatures vanquished

Notes
Turn   | Place    | Note
--------------------------------------------------------------
     0 | D:1      | MDvedh the Deep Elf Summoner began the quest for the Orb.
     0 | D:1      | Reached XP level 1. HP: 10/10 MP: 6/6
   687 | D:1      | Reached XP level 2. HP: 3/15 MP: 6/8
  2544 | D:2      | Reached XP level 3. HP: 10/19 MP: 8/10
  2607 | D:2      | Reached skill level 5 in Summonings
  2692 | D:1      | Learned a level 3 spell: Call Canine Familiar
  2788 | D:2      | Found a shadowy altar of Dithmenos.
  2823 | D:2      | Slain by a goblin

Skill      XL: |  1  2  3 |
---------------+----------+-----
Spellcasting   | 4 |  4.1
Summonings     | 5 |  5.0
Dodging        | |  2.4
Stealth        | |  2.4

Action                   || total
-------------------------++-------
Melee: Short sword       ||    93
       Unarmed           ||     7
 Cast: Summon Small Mamm ||    49
       Call Canine Famil ||     2
  Eat: Meat ration       ||     1
       Chunk             ||     1
Armor: Robe              ||    22
Dodge: Dodged            ||   101
